 Dungeon Crawl Stone Soup version 0.26-a0-244-g083ca260ac (webtiles) character file.

Game seed: 14921584963267029124

4402 Gargoyl the Chopper (level 10, -1/81 HPs)
             Began as a Centaur Abyssal Knight on July 8, 2020.
             Was an Elder of Lugonu.
             Succumbed to an orc warrior's poison
             ... on level 8 of the Dungeon.
             The game lasted 00:12:02 (12335 turns).

Gargoyl the Chopper (Centaur Abyssal Knight)       Turns: 12335, Time: 00:12:03

Health: -1/81      AC:  9    Str: 19    XL:     10   Next: 13%
Magic:  3/14       EV:  1    Int: 17    God:    Lugonu [****..]
Gold:   620        SH:  7    Dex: 12    Spells: 9/9 levels left

rFire    + . .     SeeInvis .   a - +1 hand axe
rCold    . . .     Faith    .   q - +0 kite shield
rNeg     . . .     Spirit   +   e - +0 plate armour
rPois    .         Reflect  .   (helmet restricted)
rElec    .         Harm     .   (no cloak)
rCorr    .                      (no gloves)
MR       .....                  (no barding)
Stlth    ..........             n - amulet of guardian spirit
HPRegen  0.23/turn              t - +6 ring of intelligence
MPRegen  0.14/turn              v - ring of protection from fire

@: lethally poisoned (-1 -> -70), heavily drained, very quick
A: large, antennae 1, hooves 3, agile 1, deformed body, speed 2, strong 1, tough
skin 3, MP-powered wands
a: Depart the Abyss, Bend Space, Banish, Corrupt, Renounce Religion


You were on level 8 of the Dungeon.
You worshipped Lugonu.
Lugonu was greatly pleased with you.
You were not hungry.

You visited 1 branch of the dungeon, and saw 8 of its levels.
You visited the Abyss 1 time.

You collected 650 gold pieces.
You spent 30 gold pieces at shops.

Inventory:

Hand Weapons
 a - a +1 hand axe (weapon)
Missiles
 c - 10 javelins (quivered)
Armour
 e - a +0 plate armour (worn)
 g - a +0 helmet
 q - a +0 kite shield (worn)
Jewellery
 n - an amulet of guardian spirit (around neck)
 t - a +6 ring of intelligence (left hand)
 v - a ring of protection from fire (right hand)
 y - an uncursed ring of ice {unknown}
Wands
 d - a wand of paralysis (7)
 p - a wand of acid (12)
 r - a wand of enslavement (11)
 w - a wand of iceblast (19)
 x - a wand of random effects (15)
Scrolls
 h - 2 scrolls of identify
 k - 6 scrolls of teleportation
 o - a scroll of blinking
 s - 11 scrolls of remove curse
 u - a scroll of fog
 z - a scroll of magic mapping {unknown}
Potions
 b - 4 potions of flight
 i - a potion of invisibility
 l - 4 potions of stabbing
Comestibles
 m - 8 rations


   Skills:
 + Level 5.4(2.8) Fighting
 + Level 6.6(3.9) Axes
 * Level 6.4(3.7) Armour
 * Level 4.3(1.8) Dodging
 + Level 2.6(0.3) Shields
 * Level 6.3(3.6) Invocations
 + Level 1.2(0.0) Evocations


You had 9 spell levels left.
You didn't know any spells.
Your spell library contained the following spells:

 Spells                   Type           Power        Failure   Level
 Corona                   Hex            #......      100%        1
 Foxfire                  Conj/Fire      #...         100%        1
 Ensorcelled Hibernation  Hex/Ice        #.....       100%        2
 Confusing Touch          Hex            #.......     100%        3
 Conjure Flame            Conj/Fire      #.......     100%        3
 Dazzling Flash           Conj/Hex       #.....       100%        3
 Inner Flame              Hex/Fire       #.......     100%        3
 Tukima's Dance           Hex            #.......     100%        3
 Sticky Flame             Conj/Fire      #.......     100%        4
 Fireball                 Conj/Fire      #.........   100%        5


Dungeon Overview and Level Annotations

Branches:
Dungeon (8/15)             Temple (0/1) D:5
   Lair: D:8-11

Altars:
Ashenzari
Cheibriados
Kikubaaqudgha
Makhleb
Nemelex Xobeh
Sif Muna
Uskayaw
Vehumet
Wu Jian
Xom
Beogh

Shops:
D:7 *

Annotations:
D:5 2 runed translucent doors, anet's ghost, novice GnWr


Innate Abilities, Weirdness & Mutations

You have hooves in place of feet.
Armour fits poorly on your strangely shaped body.
You cover ground very quickly.
You have extremely tough skin. (AC +3)
You have a pair of small antennae on your head.
You are agile. (Dex +2)
Your muscles are strong. (Str +2)
You expend magic power (3 MP) to strengthen your wands.


Message History

The orc warrior is moderately wounded.
You hit the orc.
You kill the orc!
Lugonu accepts your kill.
You feel very sick.
The orc warrior hits you with a +1 trident of venom!!
* * * LOW HITPOINT WARNING * * *
You are more poisoned.
Press: ? - help, Shift-Dir - straight line, f - orc warrior
Aim: an orc warrior, wielding a +1 trident of venom, wearing a +0 plate armour and quivering 22 stones (moderately wounded, chance to defeat MR: 82%)
You fail to use your ability.
* * * LOW HITPOINT WARNING * * *
You feel very sick.
The orc warrior hits you with a +1 trident of venom!
* * * LOW HITPOINT WARNING * * *
You are more poisoned.
Unknown command.
You don't have enough magic at the moment.
Okay, then.
You die...

#.....#....#.
#.....#.....'....#.
#.....#.....#....#.
#.....#.....#....#.
#.....#.....#....'.
#.....#...).#....#.
#. #..###..####.###
###.##).###..########
#...@'$.(..(.........
#....#o.)............
#....#...............
#...##...##...###..##
#... #...########..##
........... #.>)..#
............# #.....#
............# #.....#
#.....#


You could see an orc warrior.

Vanquished Creatures
  2 hippogriffs (D:7)
  An orc warrior (D:7)
  A black bear (D:6)
  A phantom (D:4)
  A necrophage (D:6)
  An ice beast (D:6)
  2 sky beasts (D:6)
  2 ogres (D:8)
  A centaur (D:7)
  3 bullfrogs
  A gnoll sergeant (D:8)
  5 killer bees (D:8)
  3 scorpions
  9 wights
  3 howler monkeys
  A hound (D:4)
  7 orc priests
  A jelly (D:5)
  2 centaur skeletons
  A gnoll shaman (D:4)
  8 orc wizards
  An iguana (D:6)
  8 worker ants
  A hound skeleton (D:4)
  A worker ant zombie (D:6)
  10 gnolls
  8 adders
  3 shadow imps
  A white imp (D:6)
  An ufetubus (D:6)
  2 oozes
  4 worms
  2 dart slugs
  4 leopard geckos
  40 orcs
  5 bats
  4 giant cockroaches
  10 goblins
  6 hobgoblins
  7 jackals
  4 kobolds
  4 quokkas
  A ball python (D:3)
  3 frilled lizards
  A giant cockroach zombie (D:5)
  A jackal zombie (D:6)
  A leopard gecko skeleton (D:6)
  A quokka skeleton (D:6)
  8 rats
198 creatures vanquished.

Vanquished Creatures (collateral kills)
  2 gnolls (D:4)
2 creatures vanquished.

Vanquished Creatures (others)
  A two-headed ogre (D:8)
  A hornet (D:7)
  A killer bee (D:8)
  2 starspawn tentacles (Abyss:2)
5 creatures vanquished.

Grand Total: 205 creatures vanquished

Notes
Turn   | Place    | Note
-------+----------+-------------------------------------------
     0 | Abyss:1  | Gargoyl the Centaur Abyssal Knight began the quest for the
                  | Orb.
     0 | Abyss:1  | Reached XP level 1. HP: 19/19 MP: 2/2
    84 | Abyss:2  | Noticed a small abomination
   105 | Abyss:2  | Noticed a tentacled starspawn
   106 | Abyss:2  | Found a corrupted altar of Lugonu.
   125 | Abyss:2  | Noticed a thrashing horror
   127 | Abyss:2  | Noticed a demonic crawler
   148 | Abyss:2  | Noticed a chaos spawn
   152 | D:1      | Escaped the Abyss
   553 | D:1      | Reached * piety under Lugonu
   605 | D:1      | Reached XP level 2. HP: 22/26 MP: 3/3
   762 | D:1      | Reached skill level 1 in Dodging
  1186 | D:1      | Reached XP level 3. HP: 29/31 MP: 4/4
  1838 | D:2      | Reached XP level 4. HP: 28/38 MP: 5/5
  2026 | D:2      | Reached ** piety under Lugonu
  2227 | D:2      | Noticed a +0 hand axe
  2228 | D:2      | Found a hide-covered altar of Uskayaw.
  2228 | D:2      | Noticed a +0 hand axe
  2937 | D:3      | Reached XP level 5. HP: 32/45 MP: 7/7
  3869 | D:3      | Reached XP level 6. HP: 52/52 MP: 8/8
  3884 | D:3      | Found a shimmering blue altar of Sif Muna.
  4469 | D:4      | Found a burning altar of Makhleb.
  4853 | D:4      | Reached XP level 7. HP: 44/58 MP: 5/9
  5018 | D:4      | Found a roughly hewn altar of Beogh.
  5036 | D:4      | Reached *** piety under Lugonu
  5251 | D:5      | Entered Level 5 of the Dungeon
  5274 | D:5      | Reached skill level 1 in Evocations
  5604 | D:5      | Found a large runed translucent door.
  5604 | D:5      | Found a large runed translucent door.
  5605 | D:5      | Noticed anet's ghost (novice GnWr)
  5788 | D:5      | Found a staircase to the Ecumenical Temple.
  5994 | D:5      | Found an ancient bone altar of Kikubaaqudgha.
  6224 | D:5      | Found an ornate altar of the Wu Jian Council.
  6319 | D:5      | Found a sparkling altar of Nemelex Xobeh.
  6465 | D:6      | Reached XP level 8. HP: 28/66 MP: 1/11
  6985 | D:6      | Reached skill level 5 in Axes
  7275 | D:6      | Reached **** piety under Lugonu
  7285 | D:6      | Reached skill level 1 in Shields
  7684 | D:6      | Found a shattered altar of Ashenzari.
  7685 | D:6      | Found a shimmering altar of Xom.
  7697 | D:6      | Reached skill level 5 in Armour
  8049 | D:6      | Found a radiant altar of Vehumet.
  8375 | D:7      | Gained mutation: You tend to lose your temper in combat.
                  | [potion of mutation]
  8375 | D:7      | Gained mutation: You are occasionally teleported next to
                  | monsters. [potion of mutation]
  8375 | D:7      | Gained mutation: You are agile. (Dex +2) [potion of
                  | mutation]
  8394 | D:7      | Noticed a hornet
  8395 | D:7      | Paralysed by a hornet for 1 turns
  8397 | D:7      | Banished a hornet
  8397 | D:7      | Reached skill level 5 in Invocations
  8397 | D:7      | Reached XP level 9. HP: 67/72 MP: 7/12
  9401 | D:7      | Lost mutation: You tend to lose your temper in combat.
                  | [potion of mutation]
  9401 | D:7      | Lost mutation: You are occasionally teleported next to
                  | monsters. [potion of mutation]
  9401 | D:7      | Gained mutation: You expend magic power (3 MP) to
                  | strengthen your wands. [potion of mutation]
  9401 | D:7      | Gained mutation: Your muscles are strong. (Str +2) [potion
                  | of mutation]
  9401 | D:7      | Gained mutation: You have a pair of small antennae on your
                  | head. [potion of mutation]
  9532 | D:7      | Found Womos's General Store.
  9537 | D:7      | Bought a scroll of teleportation for 30 gold pieces
  9648 | D:8      | Found a snail-covered altar of Cheibriados.
 10423 | D:8      | Reached skill level 5 in Fighting
 10573 | D:8      | Noticed a two-headed ogre
 10579 | D:8      | Banished a two-headed ogre
 10635 | D:8      | Reached XP level 10. HP: 48/81 MP: 5/14
 12334 | D:8      | HP: 3/81 [orc warrior/+1 trident of venom (5)]
 12335 | D:8      | Succumbed to an orc warrior's poison

Illustrated notes

Levels and vault maps discovered:
D:1:      dpeg_arrival_three_same_balls, layout_rooms
D:2:      layout_loops_ring, dancing_weapons_uskayaw, minmay_rat_gold_closets
D:3:      layout_basic, overflow_temple_1_default, minmay_misc_feat_enclosed
D:4:      layout_loops_ring, lemuel_doored_altar, first_ration,
          kennysheep_orc_chapel
D:5:      layout_rooms, kiku_gazebo_pond_becter, nicolae_overflow_hidden_temple,
          minmay_temple_entry_overgrown, ebering_ghost_disaster_area,
          nemelex_diamond_rough_becter
D:6:      hangedman_cross_stitches, layout_basic, kennysheep_mini,
          gammafunk_temple_overflow_wave
D:7:      layout_loops_ring, serial_shops, kennysheep_little_box
D:8:      layout_gridville, overflow_temple_1_default, grunt_ogre_cave

Skill      XL: |  1  2  3  4  5  6  7  8  9 |
---------------+----------------------------+-----
Dodging        | 1 2 3 4 |  4.3
Axes           | 2 3 4 5 6 |  6.6
Armour         | 2 3 4 5 6 |  6.4
Invocations    | 3 4 5 6 |  6.3
Evocations     | 1 |  1.2
Fighting       | 4 5 |  5.4
Shields        | 1 2 |  2.6

Action                   |  1- 3 |  4- 6 |  7- 9 | 10-12 || total
-------------------------+-------+-------+-------+-------++-------
Melee: Hand axe          |    92 |   210 |   494 |   108 ||   904
       Kick              |    14 |    54 |   111 |    31 ||   210
Invok: Depart the Abyss  |     1 |       |       |       ||     1
       Banish            |       |       |     3 |     1 ||     4
Evoke: Wand              |       |     2 |       |       ||     2
  Use: Potion            |     2 |       |    12 |       ||    14
       Scroll            |     2 |     7 |     7 |       ||    16
 Stab: Paralysed         |       |     9 |       |       ||     9
       Invisible         |       |       |     5 |     1 ||     6
  Eat: Ration            |     1 |     2 |     5 |     1 ||     9
Armor: Plate armour      |    87 |   204 |   379 |    69 ||   739
       Skin              |       |       |    22 |       ||    22
Dodge: Dodged            |     8 |    24 |    40 |     9 ||    81
Block: Kite shield       |       |       |   210 |    49 ||   259

Table legend:
 A = Non-vault XP
 B = Vault XP
 C = Vault XP percentage of total XP
 D = Non-vault monster count
 E = Vault monster count
 F = Vault count percentage of total count
                 A         B        C        D         E       F
            +---------+---------+-------+---------+---------+-------
      Total |    5485 |     804 |  12.8 |     187 |      16 |   7.9
            +---------+---------+-------+---------+---------+-------
        D:1 |      72 |       0 |   0.0 |      18 |       0 |   0.0
        D:2 |      78 |       3 |   3.7 |      20 |       3 |  13.0
        D:3 |     227 |       0 |   0.0 |      35 |       0 |   0.0
        D:4 |     354 |      90 |  20.3 |      16 |       4 |  20.0
        D:5 |     390 |     176 |  31.1 |      20 |       2 |   9.1
        D:6 |     775 |     408 |  34.5 |      23 |       6 |  20.7
        D:7 |    1561 |       0 |   0.0 |      27 |       0 |   0.0
        D:8 |    2028 |     127 |   5.9 |      28 |       1 |   3.4
            +---------+---------+-------+---------+---------+-------
